 Dungeon Crawl Stone Soup version 0.31-a0-931-g7b59d4eb97 (webtiles) character file.

Game seed: 11094753851908261674

359 CowFu the Trooper (level 6, 0/56 HPs)
             Began as a Draconian Monk on Oct 19, 2023.
             Was a Priest of Wu Jian.
             Slain by a gnoll sergeant
             ... wielding a +0 trident
              (7 damage)
             ... on level 4 of the Dungeon.
             The game lasted 00:02:53 (2644 turns).

CowFu the Trooper (Draconian Monk)                  Turns: 2644, Time: 00:02:54

Health: 0/56       AC:  7    Str: 15    XL:     6   Next: 37%
Magic:  6/6        EV: 13    Int: 11    God:    Wu Jian [***...]
Gold:   56         SH:  5    Dex: 13    Spells: 5/5 levels left

rFire   . . .        a - +0 spear
rCold   . . .        c - orb {light}
rNeg    . . .        (body armour unavailable)
rPois   .            (helmet restricted)
rElec   .            (no cloak)
rCorr   .            v - +0 pair of gloves
SInv    .            (no boots)
Will    .....        r - amulet of reflection
Stlth   +            (no ring)
HPRegen 0.29/turn    (no ring)
MPRegen 0.10/turn

%: reflection
@: glowing
A: AC +6, unfitting armour, cold-blooded
a: Renounce Religion, Wall Jump, Serpent's Lash


You were on level 4 of the Dungeon.
You worshipped Wu Jian.
Wu Jian was most pleased with you.
You visited 1 branch of the dungeon, and saw 5 of its levels.

You collected 156 gold pieces.
You spent 100 gold pieces at shops.

Inventory:

Hand Weapons
 a - a +0 spear (weapon)
 x - a +0 halberd
Armour
 c - an orb of light (worn)
 v - a +0 pair of gloves (worn)
Jewellery
 f - a ring of ice
 r - an amulet of reflection (around neck)
Wands
 p - a wand of flame (21)
Scrolls
 e - 3 scrolls of teleportation {unknown}
 h - a scroll of brand weapon {unknown}
 i - a scroll of poison {unknown}
 j - 2 scrolls of fear {unknown}
 k - a scroll of acquirement {unknown}
 m - a scroll of blinking {unknown}
 n - 2 scrolls of fog {unknown}
 s - 2 scrolls of identify {unknown}
 u - a scroll of noise {unknown}
Potions
 b - a potion of ambrosia
 d - 3 potions of attraction {unknown}
 g - a potion of enlightenment {unknown}
 l - a potion of mutation {unknown}
 o - 2 potions of resistance
 q - a potion of degeneration {unknown}
 t - a potion of heal wounds {unknown}
 w - a potion of lignification {unknown}


   Skills:
 + Level 5.3 Fighting
 + Level 4.8 Polearms
 + Level 4.3 Dodging


You had 5 spell levels left.
You didn't know any spells.
Your spell library contained the following spells:

 Spells                   Type           Power      Damage    Failure   Level
 Foxfire                  Conj/Fire      0%         2x1d4     34%         1
 Sting                    Tmut/Pois      0%         1d3       34%         1
 Poisonous Vapours        Pois/Air       0%         N/A       47%         2
 Olgreb's Toxic Radiance  Pois           0%         N/A       98%         4
 Plasma Beam              Fire/Air       0%         2x1d10    100%        6
 Starburst                Conj/Fire      0%         6d3       100%        6


Dungeon Overview and Level Annotations

Branches:
Dungeon (5/15)
 Temple: D:4-7

Altars:
Trog
Wu Jian
The Shining One

Shops:
D:4 :[*

Annotations:
D:2 Sigmund


Innate Abilities, Weirdness & Mutations

Your plain brown scales are hard. (AC +6)
You cannot fit into any form of body armour.
You are cold-blooded and may be slowed by cold attacks.


Message History

The gnoll misses you.
The gnoll sergeant attacks as it pursues you!
The gnoll sergeant hits you from afar with a +0 trident!
* * * LOW HITPOINT WARNING * * *
You hit the gnoll.
You kill the gnoll!
The Council accepts your kill.
You feel less invigorated.
You feel less confused.
The gnoll sergeant hits you from afar with a +0 trident.
You lunge at the gnoll sergeant.
You hit the gnoll sergeant.
The gnoll sergeant is moderately wounded.
The gnoll sergeant misses you.
You hit the gnoll sergeant but do no damage.
The gnoll sergeant is moderately wounded.
You hit the gnoll sergeant but do no damage.
The gnoll sergeant is moderately wounded.
The gnoll sergeant hits you but does no damage.
You hit the gnoll sergeant but do no damage.
The gnoll sergeant is moderately wounded.
The gnoll sergeant hits you with a +0 trident.
You hit the gnoll sergeant but do no damage.
The gnoll sergeant is moderately wounded.
You block the gnoll sergeant's attack.
You puncture the gnoll sergeant!
The gnoll sergeant is severely wounded.
You block the gnoll sergeant's attack.
You hit the gnoll sergeant.
The gnoll sergeant is severely wounded.
The gnoll sergeant closely misses you.
You hit the gnoll sergeant.
The gnoll sergeant is severely wounded.
The gnoll sergeant hits you with a +0 trident!
* * * LOW HITPOINT WARNING * * *
You hit the gnoll sergeant but do no damage.
The gnoll sergeant is severely wounded.
You hit the gnoll sergeant but do no damage.
The gnoll sergeant is severely wounded.
The gnoll sergeant hits you with a +0 trident!
You die...

#.# #.....# #..#....#...#
#.# #.....###..#.........
#.# #....<+....#...##.###
#.# #.....####.#.####.#..
#.# ###+#......#.# #.#.#
#.# #).......#.####.#.#
#.# #.>.........#.#.#..
#.# #.g...........#....
#.# #.@###########∩##.#
#.# #..# ###....#.... #.#
#..# #....#.#.#..
#.######..#######....#.#.#
#.........##..##.....#.#.#
#########...#..##....#.#.#
#....#.#...###....
##....#.#.## #.###
####..#..####.#


You could see a gnoll sergeant.

Vanquished Creatures
  A black bear (D:4)
  A sleepcap (D:5)
  An iguana (D:4)
  2 orc wizards (D:5)
  Robin (D:2)
  3 adders (D:3)
  6 gnolls
  2 ufetubi (D:5)
  4 orcs
  5 ball pythons
  2 endoplasms
  11 goblins
  7 hobgoblins
  3 jackals (D:4)
  4 kobolds
  3 quokkas
  4 bats (D:1)
  2 frilled lizards
  3 rats
65 creatures vanquished.

Notes
Turn   | Place    | Note
-------+----------+-------------------------------------------
     0 | D:1      | CowFu the Draconian Monk began the quest for the Orb.
     0 | D:1      | Reached XP level 1. HP: 19/19 MP: 1/1
    78 | D:1      | Found a faded altar of an unknown god.
    97 | D:1      | Prayed at the altar of an unknown god.
    97 | D:1      | Became a worshipper of the Wu Jian Council
    97 | D:1      | Reached * piety under Wu Jian
    97 | D:1      | Reached ** piety under Wu Jian
   236 | D:1      | Reached XP level 2. HP: 25/26 MP: 2/2
   239 | D:1      | Reached *** piety under Wu Jian
   424 | D:2      | Noticed Robin
   596 | D:2      | Killed Robin
   597 | D:2      | Reached XP level 3. HP: 27/33 MP: 3/3
   733 | D:2      | Noticed Sigmund
   769 | D:3      | Reached skill level 4 in Fighting
   993 | D:3      | Reached XP level 4. HP: 40/40 MP: 4/4
  1530 | D:4      | Found Voqich's Book Shoppe.
  1756 | D:4      | Reached XP level 5. HP: 30/47 MP: 5/5
  1911 | D:4      | Found a glowing golden altar of the Shining One.
  1912 | D:4      | Noticed a black bear
  1928 | D:4      | Killed a black bear
  1929 | D:4      | Reached skill level 5 in Fighting
  2005 | D:4      | Found Ketero Lalo's General Store.
  2009 | D:4      | Bought a potion of resistance for 100 gold pieces
  2047 | D:4      | Found a bloodstained altar of Trog.
  2058 | D:4      | Found Lipif's Armour Shop.
  2344 | D:5      | Entered Level 5 of the Dungeon
  2394 | D:5      | Reached XP level 6. HP: 51/56 MP: 6/6
  2644 | D:4      | Slain by a gnoll sergeant

Illustrated notes

Levels and vault maps discovered:
D:1:      dpeg_arrival_boxes_within_box, layout_rooms,
          ebering_ecumenical_altar_ruins
D:2:      layout_loops_cross, minmay_misc_feat_four_crosses, uniq_jessica,
          uniq_robin, uniq_sigmund
D:3:      layout_loops_ring, grunt_ministairs_3, hangedman_decor_points
D:4:      layout_basic, overflow_temple_1_default,
          nicolae_tso_swordbearing_angel, serial_shops,
          nicolae_shop_advertising_works [nicolae_subvault_shop_adworks],
          nicolae_shop_trees, nicolae_book_shop_shelving,
          hangedman_abyss_or_decor_slice
D:5:      layout_basic, serial_park_tiny_pond

Skill      XL: |  1  2  3  4  5 |
---------------+----------------+-----
Dodging        | 3 4 |  4.3
Fighting       | 4 5 |  5.3
Polearms       | 4 |  4.8

Action                     |  1- 3 |  4- 6 || total
---------------------------+-------+-------++-------
  Melee: Spear             |   100 |   175 ||   275
         Tailslap          |    10 |    29 ||    39
Ability: Lunge             |       |     3 ||     3
    Use: Potion            |       |     1 ||     1
 Armour: Skin              |    49 |   103 ||   152
  Dodge: Dodged            |    51 |   107 ||   158
  Block: Orb               |       |    45 ||    45
         Reflection        |       |     1 ||     1

Table legend: (Time is in decaauts)
 A = Elapsed time spent in this place.
 B = Non-inter-level travel time spent in this place.
 C = Inter-level travel time spent in this place.
 D = Time resting spent in this place.
 E = Time spent auto-exploring this place.
 F = Levels seen in this place.
 G = Mean time per level.
                   A        B        C        D        E       F      G
               +--------+--------+--------+--------+--------+-----+--------+
         Total |   2622 |   2538 |     84 |      0 |   2055 |   5 |  524.4 |
       Dungeon |   2622 |   2538 |     84 |      0 |   2055 |   5 |  524.4 |
               +--------+--------+--------+--------+--------+-----+--------+

Top non-repeatable levels by time:
     D:4: 984 daAuts
     D:3: 723 daAuts
     D:1: 571 daAuts
     D:2: 190 daAuts
     D:5: 152 daAuts
